AoeStats
← bkg45

Arena

506270916Analyzed
4v4 RM · 19d ago on Sep 13, 2026· 46m 19s· 8 players
Game mode
Random Map
Map size
Large (8 player)
Population
200
Speed
Normal
Resources
Standard
Victory
Conquest
Starting age
Dark Age
Ending age
Imperial Age
RankedLock teamsTeams togetherTeam positionsShared explorationLock speedFull tech treeHidden civsTurbo modeCheats
Victory
Defeat
🇨🇳 Turks · China
1671
+5
🇸🇬 Hindustanis · Singapore
1603
+7
🇦🇷 Koreans · Argentina
1476
+10
🇨🇴 Mapuche · Colombia
1430
-14
🇨🇳 Khmer · China
1367
-11
🇺🇸 Hindustanis · United States
1313
-9
🇦🇷 Wei · Argentina
1306
-9
Viva Cristo
10:34 Feudal Age
11:49 Double-Bit Axe
14:27 Castle Age
12:55 Fletching
13:41 Horse Collar
19:04 Heavy Plow
20:45 Bow Saw
22:03 Wheelbarrow
23:31 Ballistics
23:42 Bodkin Arrow
24:10 Padded Archer Armor
24:23 Gold Mining
25:37 Leather Archer Armor
26:05 Loom
26:36 Hand Cart
27:47 Gold Shaft Mining
29:08 Elite Skirmisher
34:25 Imperial Age
33:46 Stone Mining
36:12 Chemistry
36:06 Ring Archer Armor
36:26 Elite Bolas Rider
38:15 Town Watch
40:16 Crop Rotation
40:22 Stone Shaft Mining
43:42 Malon
44:03 Conscription
43:54 Butalmapu
43:33 Pikeman
BocaJuniorsElMasGrande
3:11 Loom
3:43 Loom
4:43 Loom
8:48 Feudal Age
9:16 Double-Bit Axe
9:12 Horse Collar
9:23 Gold Mining
9:37 Stone Mining
9:58 Loom
17:41 Castle Age
16:42 Loom
18:50 Bow Saw
18:42 Heavy Plow
19:17 Gold Shaft Mining
19:18 Stone Shaft Mining
21:18 Fletching
21:29 Padded Archer Armor
24:02 Bloodlines
24:59 Bodkin Arrow
25:20 Leather Archer Armor
25:29 Husbandry
27:41 Sanctity
28:49 Wheelbarrow
28:07 Town Watch
29:53 Ballistics
30:56 Thumb Ring
33:40 Imperial Age
帝国时代2--叶枫
3:53 Loom
10:47 Feudal Age
15:26 Castle Age
13:46 Horse Collar
14:51 Double-Bit Axe
22:10 Bow Saw
22:39 Heavy Plow
24:43 Wheelbarrow
25:20 Gold Mining
25:41 Stone Mining
27:18 Gold Shaft Mining
30:48 Imperial Age
28:57 Stone Shaft Mining
28:43 Masonry
28:56 Husbandry
29:07 Bloodlines
31:06 Scale Barding Armor
31:12 Forging
31:43 Ballistics
31:26 Loom
32:19 Crop Rotation
32:52 Chemistry
32:35 Conscription
33:02 Chain Barding Armor
33:01 Tusk Swords
33:57 Iron Casting
33:38 Town Watch
35:20 Plate Barding Armor
36:19 Blast Furnace
35:11 Fletching
36:42 Hand Cart
36:27 Town Patrol
36:39 Bodkin Arrow
37:13 Elite Battle Elephant
37:55 Bracer
38:18 Town Patrol
39:01 Scale Mail Armor
38:31 Light Cavalry
40:13 Architecture
39:10 Pikeman
39:43 Halberdier
40:59 Chain Mail Armor
bkg45
10:50 Feudal Age
14:30 Castle Age
12:27 Double-Bit Axe
13:00 Horse Collar
15:26 Bow Saw
15:53 Heavy Plow
20:47 Wheelbarrow
21:49 Gold Mining
22:18 Loom
22:41 Stone Mining
24:45 Gold Shaft Mining
24:27 Hand Cart
25:03 Stone Shaft Mining
25:01 Town Watch
28:24 Imperial Age
26:42 Scale Barding Armor
26:47 Forging
27:51 Chain Barding Armor
27:50 Bloodlines
27:41 Husbandry
29:29 Iron Casting
28:30 Heavy Camel Rider
29:49 Conscription
30:24 Plate Barding Armor
31:45 Blast Furnace
30:30 Imperial Camel Rider
32:58 Siege Elephant
33:00 Light Cavalry
34:12 Hussar
38:58 Fletching
NW
12:14 Feudal Age
12:50 Double-Bit Axe
13:21 Horse Collar
15:47 Castle Age
17:02 Bow Saw
20:50 Loom
23:30 Wheelbarrow
25:46 Hand Cart
28:58 Imperial Age
26:38 Stone Mining
26:49 Gold Mining
28:10 Heavy Plow
29:30 Padded Archer Armor
30:21 Elite Janissary
33:17 Gold Shaft Mining
32:58 Leather Archer Armor
33:57 Scale Barding Armor
34:24 Ring Archer Armor
34:36 Conscription
36:51 Artillery
40:18 Masonry
40:23 Forging
43:02 Architecture
42:12 Treadmill Crane
42:39 Scale Barding Armor
43:09 Iron Casting
47:34 Blast Furnace
46:55 Chain Barding Armor
46:27 Fletching
47:00 Ballistics
47:03 Bombard Tower
46:34 Heated Shot
巨大豚
11:20 Feudal Age
14:56 Castle Age
13:07 Double-Bit Axe
13:44 Horse Collar
14:37 Fletching
16:15 Bow Saw
18:02 Bodkin Arrow
18:19 Crossbowman
20:24 Ballistics
20:09 Loom
20:59 Gold Mining
23:00 Wheelbarrow
26:20 Thumb Ring
27:04 Town Watch
27:36 Hand Cart
33:37 Imperial Age
33:25 Scale Mail Armor
33:35 Forging
35:22 Chemistry
34:23 Bracer
33:44 Arbalester
35:27 Thumb Ring
36:22 Arrowslits
36:20 Treadmill Crane
36:31 Elite Skirmisher
39:01 Conscription
39:49 Eupseong
39:47 Murder Holes
39:57 Siege Engineers
40:03 Masonry
43:46 Architecture
43:52 Iron Casting
43:32 Chain Mail Armor
43:23 Scale Barding Armor
我想给自己改个简单又不重复的名字
10:54 Feudal Age
12:06 Double-Bit Axe
12:03 Horse Collar
14:41 Castle Age
21:50 Wheelbarrow
22:11 Gold Mining
23:13 Hand Cart
22:59 Loom
24:48 Scale Barding Armor
24:53 Forging
27:23 Imperial Age
25:32 Gold Shaft Mining
25:42 Bow Saw
26:32 Chain Barding Armor
27:39 Iron Casting
27:22 Husbandry
27:32 Bloodlines
27:08 Capped Ram
28:46 Plate Barding Armor
27:51 Cavalier
28:52 Siege Ram
31:54 Blast Furnace
31:36 Stone Mining
34:19 Savar
38:46 Stone Shaft Mining
37:57 Heavy Camel Rider
41:13 Two-Man Saw
40:15 Heavy Plow
45:37 Crop Rotation
Arietta Fine
11:35 Feudal Age
15:08 Castle Age
13:15 Double-Bit Axe
13:11 Horse Collar
16:00 Heavy Plow
16:11 Bow Saw
18:58 Wheelbarrow
23:21 Gold Mining
24:36 Hand Cart
25:16 Gold Shaft Mining
28:48 Imperial Age
26:20 Town Watch
26:47 Loom
27:13 Scale Mail Armor
27:23 Forging
29:07 Scale Barding Armor
29:37 Iron Casting
29:19 Grand Trunk Road
29:32 Bloodlines
29:23 Husbandry
29:07 Heavy Camel Rider
30:26 Chain Barding Armor
30:23 Chain Mail Armor
30:12 Squires
31:20 Chemistry
31:13 Imperial Camel Rider
32:55 Blast Furnace
33:14 Plate Barding Armor
34:06 Padded Archer Armor
34:28 Conscription
34:15 Shatagni
34:43 Siege Elephant
35:25 Light Cavalry
36:52 Leather Archer Armor
38:07 Ring Archer Armor
37:46 Fletching
38:19 Ballistics
39:05 Two-Man Saw
37:47 Elite Ghulam
38:15 Arson
40:52 Hoardings
40:32 Masonry
40:18 Bodkin Arrow
43:38 Caravan
43:40 Bracer
43:56 Siege Engineers
45:29 Hussar
Connection lost

Rejoining the realm…

Still unreachable

The connection could not be restored.

Session expired

The server has moved on; the page needs a fresh start.